AoeStats
← Chill Trip

Coastal Forest

510327260Analyzed
3v3 RM · 2d ago on Sep 30, 2026· 47m 5s· 6 players
Game mode
Random Map
Map size
Normal (6 player)
Population
200
Speed
Normal
Resources
Standard
Victory
Conquest
Starting age
Dark Age
Ending age
Imperial Age
RankedLock teamsTeams togetherTeam positionsShared explorationLock speedFull tech treeHidden civsTurbo modeCheats
Victory
Defeat
🇳🇨 Varangians · New Caledonia
1181
+12
🇪🇸 Inca · Spain
1106
+15
🇳🇨 Wu · New Caledonia
1084
+16
🇫🇷 Turks · France
1107
-15
🇩🇪 Persians · Germany
1085
-14
🇬🇧 Khitans · United Kingdom
1077
-14
iBenj
9:31 Feudal Age
10:16 Double-Bit Axe
12:59 Loom
18:03 Castle Age
Moritzbrandy
7:26 Loom
11:25 Feudal Age
12:25 Double-Bit Axe
15:32 Wheelbarrow
18:23 Castle Age
17:00 Fishing Lines
17:48 Horse Collar
19:25 Bow Saw
20:17 Gold Mining
22:31 Bloodlines
24:31 Stone Mining
25:33 Husbandry
25:32 Gillnets
26:49 Scale Barding Armor
27:40 Forging
27:51 Chain Barding Armor
29:17 Hand Cart
31:11 Iron Casting
34:03 Imperial Age
33:23 Heavy Plow
34:58 Plate Barding Armor
35:45 Two-Man Saw
35:19 Crop Rotation
34:38 Cavalier
36:21 Blast Furnace
36:08 Savar
37:27 Conscription
37:49 Scale Mail Armor
41:26 Fletching
41:36 Padded Archer Armor
43:23 Light Cavalry
steven.gimenez
0:59 Loom
10:33 Feudal Age
19:31 Castle Age
19:07 Town Watch
24:25 Scale Barding Armor
36:33 Forging
40:56 Double-Bit Axe
40:59 Horse Collar
45:36 Wheelbarrow
mcriano22
8:09 Loom
9:54 Feudal Age
15:03 Castle Age
13:52 Double-Bit Axe
15:02 Champi Runner
16:04 Squires
18:12 Champi Warrior
19:06 Fishing Lines
20:42 Scale Mail Armor
21:10 Town Watch
21:27 Arson
22:05 Chain Mail Armor
23:48 Gillnets
25:03 Wheelbarrow
26:53 Bow Saw
27:13 Gold Mining
29:25 Forging
30:32 Horse Collar
30:45 Stone Mining
31:55 Hand Cart
32:27 Iron Casting
32:51 Town Patrol
35:47 Treadmill Crane
36:04 Murder Holes
37:54 Gold Shaft Mining
38:31 Coinage
40:45 Imperial Age
38:54 Guard Tower
40:18 Fletching
40:51 Ballistics
40:42 Masonry
42:04 Conscription
42:12 Heavy Plow
42:50 Stone Shaft Mining
42:14 Bodkin Arrow
44:35 Banking
44:40 Plate Mail Armor
45:40 Keep
44:51 Arrowslits
47:07 Blast Furnace
46:53 Crop Rotation
46:31 Elite Kamayuk
Boy oh boy
7:45 Loom
10:32 Feudal Age
11:25 Double-Bit Axe
12:28 Horse Collar
17:22 Bloodlines
23:20 Castle Age
22:42 Scale Barding Armor
23:23 Light Cavalry
24:03 Husbandry
24:19 Bow Saw
24:11 Heavy Plow
26:07 Wheelbarrow
27:51 Stone Mining
29:32 Chain Barding Armor
29:47 Hand Cart
29:18 Town Watch
34:41 Forging
37:43 Iron Casting
42:56 Imperial Age
42:58 Elite Jarl
44:40 Blast Furnace
44:16 Plate Barding Armor
44:38 Caravan
45:05 Conscription
Chill Trip
7:02 Loom
9:43 Feudal Age
10:11 Double-Bit Axe
10:20 Horse Collar
20:45 Castle Age
19:52 Padded Archer Armor
19:42 Fletching
20:49 Crossbowman
22:04 Bow Saw
22:00 Heavy Plow
26:52 Bodkin Arrow
27:14 Leather Archer Armor
31:58 Ballistics
38:30 Imperial Age
37:27 Gold Mining
38:40 Arbalester
39:22 Bracer
40:27 Chemistry
40:17 Elite Fire Archer
45:06 Red Cliffs Tactics
Connection lost

Rejoining the realm…

Still unreachable

The connection could not be restored.

Session expired

The server has moved on; the page needs a fresh start.